 Dungeon Crawl Stone Soup version 0.28.0-53-g5a82cb258f (webtiles) character file.

Game seed: 306318716422595478

2723 Sin92 the Skirmisher (level 9, -1/71 HPs)
             Began as a Demonspawn Fighter on June 28, 2022.
             Slain by a komodo dragon (16 damage)
             ... on level 7 of the Dungeon.
             The game lasted 00:10:15 (6686 turns).

Sin92 the Skirmisher (Demonspawn Fighter)           Turns: 6686, Time: 00:10:15

Health: -1/71      AC: 13    Str: 19    XL:     9   Next: 40%
Magic:  9/9        EV: 16    Int:  9    God:
Gold:   102        SH:  5    Dex: 15    Spells: 8/8 levels left

rFire   + . .      SeeInvis .   a - +0 war axe
rCold   + . .      Faith    .   c - +0 buckler
rNeg    . . .      Spirit   .   k - +1 scale mail {rC+}
rPois   .          Reflect  .   (no helmet)
rElec   .          Harm     .   (cloak unavailable)
rCorr   .          Rampage  .   w - +2 pair of gloves
Will    .....                   (no boots)
Stlth   ..........              r - amulet of regeneration
HPRegen 1.01/turn               n - ring of protection from fire
MPRegen 0.11/turn               (no ring)

@: agile
A: molten scales 1, powered by pain 2, weakness stinger 3, wild magic 2
a: no special abilities


You were on level 7 of the Dungeon.
You visited 2 branches of the dungeon, and saw 8 of its levels.

You collected 339 gold pieces.
You spent 237 gold pieces at shops.

Inventory:

Hand Weapons
 a - a +0 war axe (weapon)
 q - a +3 whip
Armour
 c - a +0 buckler (worn)
 k - a +1 scale mail of cold resistance (worn)
 w - a +2 pair of gloves (worn)
Jewellery
 n - a ring of protection from fire (left hand)
 r - an amulet of regeneration (around neck)
Wands
 b - a wand of digging (3)
 h - a wand of charming (6)
 l - a wand of mindburst (11)
 t - a wand of acid (4)
Scrolls
 f - 2 scrolls of identify
 i - 2 scrolls of enchant armour
 j - 3 scrolls of teleportation
 m - 2 scrolls of fear
 o - a scroll of fog
 v - 2 scrolls of blinking
Potions
 d - a potion of flight
 e - a potion of berserk rage {unknown}
 g - a potion of mutation
 p - 2 potions of ambrosia
 s - a potion of cancellation {unknown}
 u - a potion of curing
 x - a potion of attraction {unknown}
 z - a potion of magic
 A - a potion of brilliance {unknown}


   Skills:
 + Level 6.5 Fighting
 + Level 5.5 Axes
 + Level 5.8 Armour
 + Level 5.1 Dodging
 + Level 5.9 Shields


You had 8 spell levels left.
You didn't know any spells.
Your spell library contained the following spells:

 Spells                   Type           Power      Damage    Failure   Level
 Animate Skeleton         Necr           0%         N/A       91%         1
 Pain                     Necr           0%         1d4       91%         1
 Gell's Gravitas          Tloc           0%         N/A       99%         3
 Lesser Beckoning         Tloc           0%         N/A       99%         3
 Teleport Other           Tloc           0%         N/A       99%         3
 Vampiric Draining        Necr           0%         2d6       99%         3
 Agony                    Necr           0%         N/A       100%        5
 Excruciating Wounds      Necr           0%         N/A       100%        5


Dungeon Overview and Level Annotations

Branches:
Dungeon (7/15)             Temple (1/1) D:6

Altars:
Ashenzari
Cheibriados
Dithmenos
Fedhas
Gozag
Makhleb
Nemelex Xobeh
Qazlal
Ru
Sif Muna
Trog
Uskayaw
Vehumet
Wu Jian
Xom
Yredelemnul
The Shining One

Shops:
D:4 ![[   D:5 [


Innate Abilities, Weirdness & Mutations

You are partially covered in molten scales. (AC +2)
You sometimes gain power by taking damage.
You have a sharp stinger which inflicts weakening toxins.
Your spells are harder to cast, but more powerful.


Message History

The komodo dragon is moderately wounded.
The komodo dragon closely misses you. The komodo dragon barely misses you.
Unknown command.
You closely miss the komodo dragon.
The komodo dragon is moderately wounded.
You block the komodo dragon's attack.
Unknown command.
You closely miss the komodo dragon.
The komodo dragon is moderately wounded.
The komodo dragon bites you!
You focus on the pain.
You feel agile all of a sudden.
Unknown command.
You closely miss the komodo dragon.
You tail-slap the komodo dragon, but do no damage.
The komodo dragon is lightly wounded.
The komodo dragon bites you.
Unknown command.
You slash the komodo dragon!
The komodo dragon is moderately wounded.
The komodo dragon bites you!!
You focus on the pain.
You feel more agile all of a sudden. You block the komodo dragon's attack.
Unknown command.
You hit the komodo dragon but do no damage.
The komodo dragon is moderately wounded.
The komodo dragon bites you but does no damage.
You barely miss the komodo dragon.
The komodo dragon is moderately wounded.
The komodo dragon bites you but does no damage.
You slash the komodo dragon!
The komodo dragon is heavily wounded.
The komodo dragon bites you!
* * * LOW HITPOINT WARNING * * *
You closely miss the komodo dragon.
The komodo dragon is heavily wounded.
The komodo dragon bites you but does no damage.
You slash the komodo dragon!
The komodo dragon is severely wounded.
The komodo dragon bites you!
You die...

#....>....###....<...#.........
...........##........#.........
...........##.###.##......#..#.
......##.......##..#.#>..####..
.....##.............##.... ..
...............###........
...............##.........
...............#..........
.##......###.###@..#...... #
#.....###..#..l###....##
##.#.## #.....## .##.# ...###
....... .# ..# .... ....... ##
..... ........ ...).....
.......


You could see a komodo dragon.

Vanquished Creatures
  A troll (D:6)
  Grinder (D:5)
  Sigmund (D:6)
  A steam dragon (D:6)
  Menkaure (D:5)
  2 water moccasins (D:7)
  Edmund (D:4)
  A black bear (D:4)
  An orc warrior (D:6)
  An ogre (D:6)
  A phantom (D:4)
  A kobold brigand (D:6)
  2 scorpions
  A wyvern skeleton (D:5)
  4 howler monkeys
  2 bullfrog zombies
  A centaur zombie (D:6)
  2 centaur skeletons (D:7)
  2 hounds
  Crazy Yiuf (D:4)
  3 orc priests
  A jelly (D:6)
  8 orc wizards
  2 iguanas
  A killer bee zombie (D:5)
  A hound zombie (D:5)
  A hound skeleton (D:4)
  A gnoll (D:1)
  6 adders
  2 white imps (D:6)
  An ufetubus (D:4)
  6 worms
  3 dart slugs
  18 orcs
  10 endoplasms
  3 giant cockroaches
  9 goblins
  11 hobgoblins
  9 jackals
  10 kobolds
  4 quokkas
  6 ball pythons
  7 bats
  2 frilled lizards
  3 rats (D:1)
156 creatures vanquished.

Vanquished Creatures (others)
  A fungus (D:1)
1 creature vanquished.

Grand Total: 157 creatures vanquished

Notes
Turn   | Place    | Note
-------+----------+-------------------------------------------
     0 | D:1      | Sin92 the Demonspawn Fighter began the quest for the Orb.
     0 | D:1      | Reached XP level 1. HP: 18/18 MP: 1/1
   137 | D:1      | Gained mutation: You sometimes gain a little power by
                  | taking damage. [demonic ancestry]
   137 | D:1      | Reached XP level 2. HP: 23/24 MP: 2/2
   680 | D:1      | Reached XP level 3. HP: 21/29 MP: 3/3
   811 | D:1      | Reached skill level 1 in Dodging
  1550 | D:2      | Gained mutation: You are partially covered in molten
                  | scales. (AC +2) [demonic ancestry]
  1550 | D:2      | Reached XP level 4. HP: 16/35 MP: 4/4
  2145 | D:2      | Found a faded altar of an unknown god.
  2683 | D:3      | Found a shimmering altar of Xom.
  3112 | D:3      | Gained mutation: You have a small tail. [demonic ancestry]
  3112 | D:3      | Reached XP level 5. HP: 39/42 MP: 5/5
  3601 | D:4      | Found Negosito's Antique Armour Shop.
  3667 | D:4      | Found Zetad's Distillery.
  3687 | D:4      | Found a runed translucent door.
  3688 | D:4      | Noticed Crazy Yiuf
  3719 | D:4      | Noticed a black bear
  3731 | D:4      | Killed a black bear
  3732 | D:4      | Reached skill level 4 in Fighting
  3732 | D:4      | Gained mutation: You have a tail ending in a sharp stinger.
                  | [demonic ancestry]
  3732 | D:4      | Reached XP level 6. HP: 31/48 MP: 6/6
  3841 | D:4      | Found a hide-covered altar of Uskayaw.
  3893 | D:4      | Noticed Edmund
  3903 | D:4      | Killed Edmund
  3958 | D:5      | Entered Level 5 of the Dungeon
  3959 | D:5      | Noticed Menkaure
  4005 | D:4      | Found Hohyacemu's Antique Armour Shoppe.
  4214 | D:4      | Killed Crazy Yiuf
  4215 | D:4      | Reached XP level 7. HP: 25/55 MP: 7/7
  4531 | D:5      | Found Wetaekuw's Armour Shop.
  4532 | D:5      | Noticed Grinder
  4537 | D:5      | Paralysed by Grinder for 2 turns
  4547 | D:5      | Paralysed by Grinder for 4 turns
  4558 | D:5      | Killed Grinder
  5077 | D:5      | Reached skill level 5 in Fighting
  5104 | D:5      | Killed Menkaure
  5105 | D:5      | Gained mutation: You have a sharp stinger which inflicts
                  | weakening toxins. [demonic ancestry]
  5105 | D:5      | Reached XP level 8. HP: 43/62 MP: 8/8
  5388 | D:4      | Bought a pair of distressingly furry boots for 237 gold
                  | pieces
  5388 | D:4      | Identified the -4 pair of boots "Miolihih" {rF+ Int+3} (You
                  | bought it in a shop on level 4 of the Dungeon)
  5443 | D:6      | Noticed Sigmund
  5446 | D:6      | Reached skill level 5 in Shields
  5448 | D:6      | Gained mutation: Your spells are a little harder to cast,
                  | but a little more powerful. [potion of mutation]
  5448 | D:6      | Gained mutation: Your spells are harder to cast, but more
                  | powerful. [potion of mutation]
  5458 | D:6      | Killed Sigmund
  5459 | D:6      | Reached skill level 5 in Armour
  5587 | D:6      | Reached skill level 5 in Axes
  5701 | D:6      | Found a staircase to the Ecumenical Temple.
  5870 | D:6      | Noticed a troll
  5887 | D:6      | Killed a troll
  5888 | D:6      | Reached skill level 6 in Fighting
  5888 | D:6      | Gained mutation: You sometimes gain power by taking damage.
                  | [demonic ancestry]
  5888 | D:6      | Reached XP level 9. HP: 32/69 MP: 9/9
  6178 | Temple   | Entered the Ecumenical Temple
  6503 | D:7      | Reached skill level 5 in Dodging
  6668 | D:7      | Noticed a komodo dragon
  6686 | D:7      | Slain by a komodo dragon

Illustrated notes

Levels and vault maps discovered:
D:1:      saegor_arrival_simple_b, layout_basic, minmay_misc_feat_plants
D:2:      layout_rooms, serial_aquarium, aquarium_bridge_square
          [aquarium_subvault_wall, aquarium_subvault_bridge,
          aquarium_subvault_bridge, aquarium_subvault_bridge],
          aquarium_window_fake, aquarium_window_corridor_3, aquarium_view_2e,
          aquarium_view_2c, aquarium_balcony_3a, nicolae_ecumenical_lake_church,
          kennysheep_decorative_pillar, minmay_indecisive_spiral
D:3:      layout_basic, lemuel_doored_altar, chequers_serial_rivers_room_a
D:4:      layout_cave_pools, old_standard_altar, serial_shops,
          nicolae_shop_waterfront, nicolae_shop_behind_doors,
          nicolae_shop_waterfront, solitary_fountain, uniq_edmund,
          uniq_crazy_yiuf_cottage
D:5:      layout_loops_corners, serial_shops, nicolae_shop_statue_plus,
          uniq_menkaure, uniq_grinder
D:6:      layout_cave_pools, minmay_temple_entry_glassed_door,
          hangedman_decor_push, uniq_sigmund
D:7:      layout_cave_pools, mainiacjoe_overflow_alcove_2
Temple:   regret_index_temple_generic_petals

Skill      XL: |  1  2  3  4  5  6  7  8  9 |
---------------+----------------------------+-----
Axes           | 2 3 4 5 |  5.5
Dodging        | 1 2 3 4 5 |  5.1
Armour         | 3 4 5 |  5.8
Shields        | 3 4 5 |  5.9
Fighting       | 4 5 6 |  6.5

Action                   |  1- 3 |  4- 6 |  7- 9 || total
-------------------------+-------+-------+-------++-------
Melee: War axe           |   139 |   192 |   248 ||   579
       Tailslap          |       |    16 |    30 ||    46
Evoke: Wand              |     1 |     1 |       ||     2
  Use: Scroll            |     2 |     5 |     4 ||    11
       Potion            |       |     1 |     5 ||     6
Armor: Chain mail        |   109 |    80 |       ||   189
       Scale mail        |     1 |    40 |   185 ||   226
       Skin              |       |       |     6 ||     6
Dodge: Dodged            |    59 |    80 |   148 ||   287
Block: Buckler           |    37 |    49 |    78 ||   164
